Unix NetHack Version 5.0.0-0 post-release - last build May 31 2026 23:59:36 (970b52f25bf058293b47ddfd14a1e40e571c508c,branch:main).

Game began 2026-06-05 19:58:48, ended 2026-06-09 12:08:43.

FutureTim, lawful female human Valkyrie

 ---------
 |[)....}}                         @
 |)|%|.| --                   ;            ;
 |)|~|.|
 |)|~--| |                   W@           @ @      @
 |)|.~.|}---------------        --------+------                           c
 |)|--~|};}}}}|........|         .s......t....|        D  aN              f
 |)|..~|.....}|........|          |N..........|        D       N x
 |--.|~|.....}|........|----------|....N......|                   @
 |...|w|...)......{....-...%...@.)@......N..\H|           d V     @@
 |.-----.....;|A%....A.|----------|...........|
 |.|.........;|........|       @@ |...........|        D
 |.|.-*-}}}}}}|........|     @    ............|        D
 |...|[|}---------------         -------.------
 |.--|.| |
 |^..|.|
 |--~|)|          ;      ; ;
 |w~~~.|                        f
 -------
FutureTim the Woman-at-arms  St:18/12 Dx:11 Co:18 In:8 Wi:12 Ch:8  Lawful
Dlvl:26 $:414 HP:0(99) Pw:42(42) AC:-11 Xp:13 T:27416  Satiated Blind

Latest messages:
 The massive hammer hits!  Lightning strikes the soldier!
 You kill the soldier!
 The soldier picks up a cursed short sword.
 The massive hammer hits!  Lightning strikes the soldier!
 The massive hammer hits!  Lightning strikes the soldier!
 You kill the soldier!
 The bugbear picks up a tripe ration.
 The massive hammer hits!  Lightning strikes the bugbear!
 You kill the bugbear!
 The soldier zaps an oak wand!
 The bolt of lightning hits you!
 You are blinded by the flash!
 In what direction? 6
 The door closes.
 What do you want to use or apply? [aklpxzBEHMW or ?*] k
 In what direction? 6
 Lock it? [ynq] (q) y
 You succeed in locking the door.
 A vampire appears!
 A vampire bat appears!
 A vampire bat appears!
 Pick a monster, object or location.
 A vampire bat appears!
 You swap places with your housecat.
 A vampire appears!
 You stop.  Your housecat is in the way!
 A vampire bat appears!
 A long worm suddenly appears!
 A vampire bat appears!
 A vampire appears!
 You hear a nearby zap.
 The bolt of lightning hits the rock mole!
 You have a sad feeling for a moment, then it passes.
 The bolt of lightning hits you!
 You hear a nearby zap.
 The bolt of lightning hits you!
 Are you sure you want to pray? [yn] (n) y
 You begin praying to Tyr.
 You finish your prayer.
 You feel that Tyr is well-pleased.
 What do you want to zap? [zEHM or ?*] z
 Nothing happens.
 You hear a nearby zap.
 The bolt of lightning hits you!
 You die...
 Do you want your possessions identified? [ynq] (y) y
 Do you want to see your attributes? [ynq] (y) y
 Do you want an account of creatures vanquished? [ynaq] (y) y
 Do you want to see your conduct and achievements? [ynq] (y) y
 Do you want to see the dungeon overview? [ynq] (y) y

Inventory:
 Coins    ('$')
  $ - 414 gold pieces
 Amulets  ('"')
  G - a blessed amulet of guarding (being worn)
  y - a cursed amulet of restful sleep
 Weapons  (')')
  s - the +2 Giantslayer
  w - the blessed rustproof +2 Mjollnir (weapon in right hand)
 Armor    ('[')
  X - an uncursed thoroughly rusty +0 dwarvish iron helm (being worn)
  g - an uncursed +0 pair of leather gloves (being worn)
  u - an uncursed +0 pair of high boots
  v - an uncursed +0 pair of high boots
  I - an uncursed +0 pair of high boots
  A - a cursed +0 pair of levitation boots
  c - an uncursed thoroughly burnt +3 small shield (being worn)
  J - an uncursed +2 cloak of protection (being worn)
  b - a cursed burnt +4 Hawaiian shirt with a sailboat motif (being worn)
  h - an uncursed +0 dwarvish mithril-coat (being worn)
 Comestibles  ('%')
  P - an uncursed food ration
 Scrolls  ('?')
  F - a cursed scroll of blank paper
  D - a blessed scroll of charging
  d - an uncursed scroll of genocide
  q - a blessed scroll of remove curse
  R - a cursed scroll of stinking cloud
 Potions  ('!')
  t - an uncursed potion of sickness
 Wands    ('/')
  E - a wand of digging (0:6)
  z - a wand of digging (0:0)
  H - a blessed wand of fire (0:4)
  M - a wand of polymorph (0:0)
 Tools    ('(')
  B - an empty uncursed sack
  x - an uncursed blindfold
  l - an uncursed magic lamp (lit)
  p - a +0 pick-axe
  k - an uncursed skeleton key
  a - a +0 unicorn horn
  W - a +0 unicorn horn

FutureTim the Valkyrie's attributes:

Background:
 You were a Woman-at-arms, a level 13 human Valkyrie.
 You were lawful, on a mission for Tyr
 who was opposed by Odin (neutral) and Loki (chaotic).
 You were right-handed.
 You were in the Dungeons of Doom, on level 26.
 You entered the dungeon 27416 turns ago.
 You had 61042 experience points, 18958 more were needed to attain level 14.

Basics:
 You had 0 out of 99 hit points.
 You had all 42 energy points (spell power).
 Your armor class was -11.
 Your wallet contained 414 zorkmids.
 Autopickup was off.

Final Characteristics:
 Your strength was 18/12 (limit:18/100).
 Your dexterity was 11 (peak:12, limit:18).
 Your constitution was 18 (limit:18).
 Your intelligence was 8 (limit:18).
 Your wisdom was 12 (limit:18).
 Your charisma was 8 (limit:18).

Final Status:
 You were temporarily blind.
 You were satiated.
 You were unencumbered.
 You were wielding a hammer.
 You had expert skill with hammer.

Final Attributes:
 You were piously aligned.
 You were cold resistant.
 You were sleep resistant.
 You were poison resistant.
 You were telepathic.
 You were invisible.
 You were stealthy.
 You had a small defense bonus (+2).
 You were protected.
 Your spell casting was impaired by metallic armor.
 You were fast.
 You are dead.

Miscellaneous:
 You encountered 3 bones levels.
 Total elapsed playing time was 10 hours, 32 minutes and 30 seconds.

Major events:
 Turn
    1: FutureTim the lawful human Valkyrie entered the dungeon
 1206: entered the Gnomish Mines
 1380: attained the rank of Skirmisher (level 3)
 2599: attained the rank of Fighter (level 6)
 2694: reached Mine Town
 9325: attained the rank of Woman-at-arms (level 10)
12236: entered the Bigroom
13943: was bestowed with Mjollnir by Tyr
25327: found Giantslayer on the floor
26790: killed Medusa
27416: killed by a bolt of lightning zapped by a soldier

Spells:
 Name                 Level Category     Fail Retention
 detect monsters        1   divination   100%    (gone)

Skills:
 Fighting Skills
   bare handed combat [Unskilled]
   two weapon combat  [Unskilled]
   riding             [Unskilled]
 Weapon Skills
   dagger             [Basic]
   axe                [Unskilled]
   pick-axe           [Unskilled]
   short sword        [Unskilled]
   broadsword         [Unskilled]
   long sword         [Unskilled]
   two-handed sword   [Unskilled]
   saber              [Unskilled]
   hammer             [Expert]
   quarterstaff       [Unskilled]
   polearms           [Unskilled]
   spear              [Expert]
   trident            [Unskilled]
   lance              [Unskilled]
   sling              [Unskilled]
 Spellcasting Skills
   attack spells      [Unskilled]
   escape spells      [Unskilled]

Voluntary challenges:
 Character rerolling was not enabled.
 You never genocided any monsters.
 You used no wishes.
Achievements:
 You entered a shop.
 You entered the Gnomish Mines.
 You attained the rank of Skirmisher.
 You attained the rank of Fighter.
 You entered Minetown.
 You attained the rank of Woman-at-arms.
 You entered the Big Room.
 You entered a temple.
 You defeated Medusa.

 The Dungeons of Doom: levels 1 to 26
    Level 1:
       A fountain.
    Level 2:
       A general store, some fountains.
    Level 3:
       Stairs down to The Gnomish Mines.
    Level 4:
       An altar to Tyr, a fountain.
    Level 5:
       A throne.
    Level 6:
       A throne, a fountain.
       Final resting place for
          kanicrab-Wiz-Elf-Mal-Cha, killed by a dwarf king.
    Level 7:
       A fountain.
    Level 8:
       Many fountains.
    Level 9:
       A throne, some fountains, a sink.
    Level 10:
       A throne, a fountain.
    Level 11:
       An armor shop, many fountains.
    Level 12:
       Many fountains, a grave.
       A very big room.
       Final resting place for
          merpish-Arc-Dwa-Mal-Law, killed by a hill orc.
    Level 13:
       A fountain, a grave.
    Level 14:
       An altar to Tyr, a fountain, a grave.
    Level 15:
       A fountain.
       Summoned by the Norn.
    Level 16:
       A primitive area.
    Level 17:
       A sink.
    Level 18:
       A throne, a fountain.
    Level 19:
    Level 20:
       A fountain, a sink, a grave.
    Level 21:
       A temple and many altars, a grave.
    Level 22:
    Level 23:
    Level 24:
    Level 25:
       A fountain, some graves.
    Level 26: <- You were here.
       A throne, a fountain.
       The castle (play 5-note tune to open or close drawbridge).
       Final resting place for
          you, killed by a bolt of lightning zapped by a soldier.
 The Gnomish Mines: levels 4 to 12
    Level 4:
       A grave.
       Final resting place for
          FutureTim-Val-Hum-Fem-Law, killed by a rothe.
    Level 5:
    Level 6:
    Level 7:
       An altar, some fountains.
    Level 8:
    Level 9:
    Level 10:
    Level 11:
    Level 12:


Vanquished creatures:
    Medusa
  2 purple worms
  a gold dragon
  a minotaur
  a baluchitherium
  a demilich
  5 stone golems
  7 Olog-hai
  a displacer beast
  a titanothere
  a baby silver dragon
  a baby green dragon
  a vampire leader
  a lich
  2 clay golems
  a nurse
  2 nalfeshnees
  2 ettins
  3 vampires
  4 lieutenants
  7 ghosts
  2 queen bees
  a winged gargoyle
  5 long worms
  a fire giant
 an ogre tyrant
  5 rock trolls
 an umber hulk
  2 elven monarchs
  a doppelganger
  3 wumpuses
  3 stalkers
  4 fire elementals
 an earth elemental
  2 water elementals
  a giant mummy
  6 xorns
  3 elf-nobles
  6 sergeants
  a barbed devil
  2 small mimics
  2 warhorses
  2 xans
 an ogre leader
  2 quantum mechanics
  2 trolls
  a sasquatch
  3 wood golems
  a marilith
  3 gelatinous cubes
  a pyrolisk
  a freezing sphere
  3 flaming spheres
  a shocking sphere
  2 large cats
  2 tigers
  6 gargoyles
  a dwarf ruler
 an ochre jelly
  a leocrotta
  2 energy vortices
  4 mountain centaurs
  2 stone giants
  3 elf mummies
  4 human mummies
  a red naga
  a python
  2 cobras
  5 wraiths
  2 carnivorous apes
 an ettin zombie
  3 Grey-elves
 37 soldiers
  3 amorous demons
  2 chameleons
  2 crocodiles
  6 giant beetles
  3 quivering blobs
  6 cockatrices
  3 winter wolf cubs
  2 lynxes
  a panther
  3 gremlins
  a spotted jelly
  2 leprechauns
 10 orc-captains
 an iron piercer
  a mumak
  7 giant spiders
  2 scorpions
  3 horses
  2 ice vortices
  4 black lights
  3 forest centaurs
  5 gnome rulers
  2 orc mummies
  2 dwarf mummies
  6 ogres
  6 brown puddings
  7 rust monsters
  2 owlbears
  4 yetis
  2 gold golems
  a werewolf
  4 Green-elves
 10 lizards
  a chickatrice
  a dingo
  a dog
  6 housecats
  a jaguar
  4 blue jellies
  3 gray unicorns
  a black unicorn
  6 dust vortices
  a raven
  6 plains centaurs
  a gnome mummy
  3 snakes
  4 apes
  5 human zombies
  a rope golem
  8 Woodland-elves
  3 soldier ants
  3 fire ants
 24 bugbears
  2 imps
  a quasit
  3 wood nymphs
  a mountain nymph
  9 Mordor orcs
 31 Uruk-hai
  8 orc shamans
  2 rock piercers
  2 rock moles
  4 ponies
  a fog cloud
  5 yellow lights
  2 shriekers
  4 violet fungi
 29 gnome leaders
  7 gnomish wizards
  2 kobold mummies
  5 gray oozes
  3 elf zombies
  6 ghouls
  3 straw golems
  4 paper golems
 12 giant ants
  3 little dogs
  9 floating eyes
 12 dwarves
  2 kobold leaders
  a kobold shaman
 41 hill orcs
  6 rothes
  2 rabid rats
  3 giant bats
  5 monkeys
  7 orc zombies
  7 dwarf zombies
  3 wererats
  6 iguanas
 49 killer bees
  2 acid blobs
  4 coyotes
  3 gas spores
  4 hobbits
  3 manes
  3 large kobolds
 15 hobgoblins
 an orc
 11 giant rats
  6 cave spiders
  3 brown molds
  4 yellow molds
  a green mold
 72 gnomes
  3 garter snakes
  4 gnome zombies
  3 geckos
  5 jackals
  4 kobolds
  5 goblins
  3 sewer rats
  8 grid bugs
  a bat
  6 lichens
  6 newts
883 creatures vanquished.

No species were genocided or became extinct.

Game over:
                       ----------
                      /          \
                     /    REST    \
                    /      IN      \
                   /     PEACE      \
                  /                  \
                  |    FutureTim     |
                  |      414 Au      |
                  | killed by a bolt |
                  |   of lightning   |
                  |   zapped by a    |
                  |     soldier      |
                  |       2026       |
                 *|     *  *  *      | *
        _________)/\\_//(\/(/\)/\//\/|_)_______

Farvel FutureTim the Valkyrie...

You died in The Dungeons of Doom on dungeon level 26 with 215053 points,
and 414 pieces of gold, after 27416 moves.
You were level 13 with a maximum of 99 hit points when you died.

